 Dungeon Crawl Stone Soup version 0.30.0-29-ga12c61a403 (webtiles) character file.

Game seed: 9915829717833767333

2237 H0rd4k the Cudgeller (level 9, -1/68 HPs)
             Began as a Human Artificer on June 19, 2023.
             Succumbed to a killer bee's poison
             ... on level 6 of the Dungeon.
             The game lasted 00:08:12 (5964 turns).

H0rd4k the Cudgeller (Human Artificer)              Turns: 5964, Time: 00:08:13

Health: -1/68      AC:  7    Str: 12    XL:     9   Next: 63%
Magic:  9/9        EV: 14    Int: 16    God:
Gold:   288        SH:  0    Dex: 14    Spells: 8/8 levels left

rFire   x . .        A - +0 flail
rCold   + . .        (no shield)
rNeg    + . .        b - +0 leather armour
rPois   .            (no helmet)
rElec   .            h - +2 cloak
rCorr   .            (no gloves)
SInv    .            o - +0 pair of boots
Will    .....        (no amulet)
Stlth   ++           l - ring of ice
HPRegen 0.31/turn    t - ring of positive energy
MPRegen 0.11/turn

%: no passive effects
@: lethally poisoned (-1 -> -16), attractive
A: no striking features
a: no special abilities


You were on level 6 of the Dungeon.
You visited 1 branch of the dungeon, and saw 5 of its levels.
You also visited: Ossuary.

You collected 288 gold pieces.

Inventory:

Hand Weapons
 A - a +0 flail (weapon)
 H - a +1 arbalest of freezing
Missiles
 p - 6 poisoned darts
Armour
 b - a +0 leather armour (worn)
 h - a +2 cloak (worn)
 o - a +0 pair of boots (worn)
Magical Staves
 y - a staff of earth
 I - a staff of death
Jewellery
 a - a ring of protection from cold
 l - a ring of ice (left hand)
 t - a ring of positive energy (right hand)
 G - an amulet of the acrobat
Wands
 c - a wand of flame (2) (quivered)
Scrolls
 e - 2 scrolls of immolation {unknown}
 f - 5 scrolls of identify {unknown}
 m - 2 scrolls of poison {unknown}
 n - a scroll of torment {unknown}
 r - 3 scrolls of teleportation {unknown}
 u - 3 scrolls of blinking {unknown}
 w - a scroll of magic mapping {unknown}
 z - 4 scrolls of enchant armour {unknown}
 C - a scroll of enchant weapon {unknown}
 D - a scroll of acquirement {unknown}
 F - a scroll of noise {unknown}
Potions
 g - a potion of magic {unknown}
 i - a potion of might {unknown}
 j - 2 potions of invisibility {unknown}
 k - a potion of cancellation {unknown}
 q - 2 potions of attraction
 s - a potion of degeneration {unknown}
 v - a potion of heal wounds {unknown}
 x - a potion of haste {unknown}
 B - a potion of lignification {unknown}
 E - 3 potions of curing {unknown}


   Skills:
 + Level 5.0 Fighting
 + Level 7.1 Maces & Flails
 - Level 2.0 Armour
 + Level 5.9 Dodging
 + Level 3.5 Stealth
 + Level 5.7 Evocations


You had 8 spell levels left.
You didn't know any spells.
Your spell library contained the following spells:

 Spells                   Type           Power      Damage    Failure   Level
 Freeze                   Ice            0%         1d3       32%         1
 Cigotuvi's Dreadful Rot  Necr/Pois/Air  0%         N/A       43%         2
 Frozen Ramparts          Ice            0%         1d1       67%         3
 Hailstorm                Conj/Ice       0%         3d3       67%         3
 Portal Projectile        Hex/Tloc       0%         N/A       67%         3
 Tukima's Dance           Hex            0%         N/A       67%         3
 Volatile Blastmotes      Fire/Tloc      0%         2d10      67%         3
 Animate Dead             Necr           0%         N/A       97%         4
 Dispel Undead            Necr           0%         3d6       97%         4
 Fulminant Prism          Conj/Hex       0%         3d5       97%         4
 Iskenderun's Mystic Bla  Conj/Tloc      0%         2d3       97%         4
 Passage of Golubria      Tloc           0%         N/A       97%         4
 Blade Hands              Tmut           0%         N/A       100%        5
 Lee's Rapid Deconstruct  Erth           0%         3d4*      100%        5
 Silence                  Hex/Air        0%         N/A       100%        5
 Death Channel            Necr           0%         N/A       100%        6
 Haunt                    Necr/Summ      0%         N/A       100%        7
 Infestation              Necr           0%         N/A       100%        8
 Lehudib's Crystal Spear  Conj/Erth      0%         10d2      100%        8


Dungeon Overview and Level Annotations

Branches:
Dungeon (7/15)            Ossuary (visited)
 Temple: D:4-7

Altars:
Ashenzari
Dithmenos
Elyvilon
Kikubaaqudgha
Makhleb
Wu Jian
Yredelemnul
Zin

Shops:
D:1 (

Annotations:
D:6 exclusion: downstairs


Message History

The killer bee misses you.
You hit the killer bee but do no damage.
The killer bee is moderately wounded.
You feel sick. The killer bee stings you. x2
You miss the killer bee.
The killer bee is moderately wounded.
You feel sick. The killer bee barely misses you. x2
You hit the killer bee.
The killer bee is heavily wounded.
You feel sick. The killer bee stings you.
You are more poisoned.
The killer bee poisons you!
The killer bee stings you but does no damage.
You hit the killer bee.
The killer bee is heavily wounded.
You feel very sick. The killer bee misses you. x2
You closely miss the killer bee.
The killer bee is heavily wounded.
You feel very sick.
The killer bee stings you but does no damage.
The killer bee stings you.
You hit the killer bee.
The killer bee is severely wounded.
You feel sick.
The killer bee stings you but does no damage.
The killer bee stings you!
* * * LOW HITPOINT WARNING * * *
You are more poisoned.
The killer bee poisons you!
You miss the killer bee.
The killer bee is severely wounded.
You feel very sick. The killer bee stings you!
* * * LOW HITPOINT WARNING * * *
You are more poisoned.
The killer bee poisons you! The killer bee barely misses you.
It was a potion of attraction.
You feel attractive to monsters.
You die...

.#.8...._≈≈.## #..........# ###
(§.§.≈§§≈§≈..####..........# ##..
..§≈≈≈≈§≈≈.................# #..#
...§........#####..........# #..#
#....#..##### #...)......# #..#
##.....## ##'####...####...
.##.#############).(.##...##.##..
#.####.....##..y#[)...........#..
.#.##...........@.............##.
#.#.#..).......................##
##.#.............................
.##..).....##....................
#.##.#.....#######...##...##...##
.#.##......##...###+###...##..##.
#.##'......#.....#....#...###'#..
.##.#......#<....#....#......##..
##..##.....'.....'....#......#...


You could see a killer bee.

Vanquished Creatures
  Grinder (D:3)
  2 water moccasins
  2 black bears (D:7)
  An ogre (D:2)
  2 centaurs
  A phantom (D:6)
  2 elf zombies (Ossuary)
  A bullfrog (D:6)
  A scorpion (D:6)
  A killer bee (D:7)
  2 centaur zombies (Ossuary)
  3 hounds
  A jelly (D:6)
  A human zombie (Ossuary)
  An iguana (D:7)
  A sleepcap (D:6)
  Jessica (D:2)
  An orc wizard (D:6)
  Terence (D:2)
  A hound zombie (Ossuary)
  3 mummies (Ossuary)
  3 adders
  A shadow imp (D:7)
  2 white imps
  5 adder zombies (Ossuary)
  2 dart slugs
  4 orcs
  7 bats
  8 endoplasms
  A giant cockroach (D:3)
  2 gnoll zombies (Ossuary)
  5 goblins
  4 hobgoblins
  3 jackals (D:3)
  4 quokkas
  6 ball pythons
  2 frilled lizards (D:3)
  A goblin zombie (Ossuary)
  4 hobgoblin zombies (Ossuary)
  3 jackal zombies (Ossuary)
  A kobold (D:3)
  3 kobold zombies (Ossuary)
  An orc zombie (Ossuary)
  3 quokka zombies (Ossuary)
  5 rats
  4 rat zombies (Ossuary)
114 creatures vanquished.

Vanquished Creatures (collateral kills)
  A bullfrog (D:6)
  A gnoll sergeant (D:6)
  2 wights (D:6)
  4 killer bees (D:7)
  5 gnolls (D:6)
13 creatures vanquished.

Vanquished Creatures (others)
  A water moccasin (D:6)
  2 bullfrogs (D:6)
  3 wights (D:6)
  A killer bee (D:7)
7 creatures vanquished.

Grand Total: 134 creatures vanquished

Notes
Turn   | Place    | Note
-------+----------+-------------------------------------------
     0 | D:1      | H0rd4k the Human Artificer began the quest for the Orb.
     0 | D:1      | Reached XP level 1. HP: 15/15 MP: 1/1
   123 | D:1      | Found a faded altar of an unknown god.
   142 | D:1      | Reached XP level 2. HP: 4/21 MP: 2/2
   753 | D:1      | Found Ress's Weapon Shop.
   767 | D:1      | Reached XP level 3. HP: 21/26 MP: 3/3
  1419 | D:2      | Noticed Terence
  1597 | D:2      | Noticed an ogre
  1860 | D:2      | Killed an ogre
  1861 | D:2      | Reached skill level 1 in Maces & Flails
  1861 | D:2      | Reached XP level 4. HP: 33/33 MP: 4/4
  1861 | D:2      | Reached XP level 5. HP: 38/38 MP: 5/5
  1872 | D:2      | Killed Terence
  1873 | D:2      | Reached skill level 2 in Maces & Flails
  2380 | D:2      | Noticed Jessica
  2389 | D:2      | Killed Jessica
  2682 | D:3      | Reached XP level 6. HP: 44/44 MP: 6/6
  2810 | D:3      | Found a white marble altar of Elyvilon.
  2833 | D:3      | Found a broken altar of Ashenzari.
  3022 | D:3      | Found a basalt altar of Yredelemnul.
  3137 | D:3      | Found an ancient bone altar of Kikubaaqudgha.
  3268 | D:3      | Noticed Grinder
  3277 | D:3      | Paralysed by Grinder for 4 turns
  3287 | D:3      | Killed Grinder
  3288 | D:3      | Reached skill level 3 in Maces & Flails
  3288 | D:3      | Reached XP level 7. HP: 43/51 MP: 7/7
  3441 | D:3      | You fall into a shaft and drop 3 floors!
  3449 | D:6      | Found a shadowy altar of Dithmenos.
  3524 | D:6      | Found a glowing silver altar of Zin.
  3775 | D:6      | Reached XP level 8. HP: 48/56 MP: 8/8
  3807 | D:6      | Reached skill level 4 in Maces & Flails
  3826 | D:6      | Found a burning altar of Makhleb.
  3831 | D:6      | Reached skill level 5 in Evocations
  4133 | D:6      | Found a sand-covered staircase.
  4144 | Ossuary  | Entered an ossuary
  4415 | Ossuary  | Reached skill level 5 in Maces & Flails
  4971 | D:6      | Reached XP level 9. HP: 43/65 MP: 9/9
  5127 | D:6      | Reached skill level 6 in Maces & Flails
  5127 | D:6      | Reached skill level 5 in Dodging
  5363 | D:6      | Found an ornate altar of the Wu Jian Council.
  5591 | D:7      | Noticed a hornet
  5921 | D:7      | Noticed a two-headed ogre
  5932 | D:7      | Reached skill level 5 in Fighting
  5936 | D:7      | Reached skill level 7 in Maces & Flails
  5953 | D:7      | Noticed a two-headed ogre
  5963 | D:6      | HP: 3/68 [killer bee (8)]
  5964 | D:6      | Succumbed to a killer bee's poison

Illustrated notes

Levels and vault maps discovered:
D:1:      dpeg_arrival_leaves_temple_mockup, layout_rooms,
          ebering_ecumenical_altar_box, serial_shops,
          nicolae_shop_tiny_statue_garden, serial_co_window_serial,
          co_window_paths_a, co_window_paths_a, co_window_of_opportunity_a,
          co_window_paths_a, co_window_corner_a, co_window_corner_a,
          co_window_of_opportunity_a, co_window_corner_b, co_window_corner_b,
          co_window_corner_b, co_window_of_opportunity_b,
          co_window_unsneaky_path_a, co_window_paths_c, co_window_4corner_a,
          glass_columns_b, glass_columns_a, glass_columns_a
D:2:      layout_basic, minmay_indecisive_spiral, uniq_terence, uniq_jessica
D:3:      layout_loops_ring, grunt_temple_overflow_opulence,
          kennysheep_ying_yang, mainiacjoe_overflow_24_doors,
          mainiacjoe_overflow_tiny_flanked, grunt_ministairs_9, eino_curves_02,
          minivault_11, minmay_stone_trees_medium, uniq_crazy_yiuf_cottage,
          uniq_grinder
D:6:      minmay_inner_zag, layout_gridville, old_standard_altar,
          mainiacjoe_overflow_two_lobes, mainiacjoe_overflow_catwalk,
          nicolae_ossuary_entry_monument
D:7:      minmay_the_grid_octo_triangle [minmay_the_grid_octo_odd_swirl,
          minmay_the_grid_octo_prize_square_snowflake,
          minmay_the_grid_octo_focus], layout_cave_pools,
          kennysheep_orc_sif_temple

Skill      XL: |  1  2  3  4  5  6  7  8  9 |
---------------+----------------------------+-----
Maces & Flails | 1 2 3 5 7 |  7.1
Dodging        | 2 3 4 5 |  5.9
Evocations     | 4 5 |  5.7
Fighting       | 2 3 4 5 |  5.0
Stealth        | 2 3 |  3.5
Armour         | |  2.0

Action                     |  1- 3 |  4- 6 |  7- 9 || total
---------------------------+-------+-------+-------++-------
  Melee: Club              |   105 |   127 |    39 ||   271
         Punch             |     2 |       |    10 ||    12
         Flail             |       |       |   359 ||   359
  Evoke: Wand              |     5 |    15 |    22 ||    42
    Use: Potion            |       |       |     1 ||     1
   Stab: Sleeping          |     1 |     3 |     2 ||     6
         Distracted        |       |       |     1 ||     1
 Armour: Leather armour    |    85 |    56 |   213 ||   354
  Dodge: Dodged            |   124 |   105 |   368 ||   597
